[ AOE2 MATCH · #494526359 ]
UnrankedAztecs vs Cumans
Player's team · LOSS
Rival team · WIN
[ REPLAY ANALYSIS · EXTRACTED FROM THE RECORDED GAME ]
Feudal
10:55
Castle
16:25
Imperial
35:16
| APM avg | 57.6 |
| APM peak | 112 |
| eAPM avg | 27.7 |
| Villagers / military | 183 / 687 |
Focus
⚔️ 41.7% · 🌾 58.3%
Spearman ×406 · Archer ×145 · Skirmisher ×106 · Monk ×10 · Jaguar Warrior ×7 · Mangonel ×6
Feudal
8:56
Castle
23:56
Imperial
35:22
| APM avg | 48.0 |
| APM peak | 95 |
| eAPM avg | 28.0 |
| Villagers / military | 167 / 543 |
Focus
⚔️ 52.4% · 🌾 47.6%
Scout Cavalry ×325 · Kipchak ×201 · Unknown (1260) ×39 · Trebuchet (Packed) ×10 · Monk ×5 · Petard ×1
Match map
Initial resources + every placement click. Lines = walls · curves = elevation contours. ◆ gold · ⬟ stone · ● berries · ✦ relic · ◌ wall gap
Your base· ✓ Closed at 16:25 · 28t walls · 2 gate(s)
[DOV] The_GothFather's base· ✓ Closed at 23:56 · 0t walls · 2 gate(s)
Smoothed initial terrain · ◌ = detected wall gap · hover for details
Inputs per minute
— SHell | FayLayt - - [DOV] The_GothFather
Build order — SHell | FayLayt
First 150 of 702 actions detected
| 0:00 | Create | Villager (Male) |
| 0:01 | Create | Villager (Male) |
| 0:02 | Build | House |
| 0:03 | Build | House |
| 0:05 | Create | Villager (Male) |
| 0:05 | Create | Villager (Male) |
| 1:21 | Create | Villager (Male) |
| 1:21 | Create | Villager (Male) |
| 1:52 | Create | Villager (Male) |
| 2:10 | Build | Lumber Camp |
| 2:23 | Create | Villager (Male) |
| 2:43 | Create | Villager (Male) |
| 2:44 | Create | Villager (Male) |
| 3:17 | Create | Villager (Male) |
| 3:19 | Create | Villager (Male) |
| 3:19 | Create | Villager (Male) |
| 3:59 | Create | Villager (Male) |
| 4:03 | Build | House |
| 4:11 | Create | Villager (Male) |
| 4:17 | Build | Mill |
| 4:53 | Create | Villager (Male) |
| 4:53 | Create | Villager (Male) |
| 5:09 | Build | House |
| 5:10 | Build | House |
| 5:16 | Create | Villager (Male) |
| 5:19 | Create | Villager (Male) |
| 6:00 | Create | Villager (Male) |
| 6:15 | Create | Villager (Male) |
| 6:37 | Create | Villager (Male) |
| 6:51 | Create | Villager (Male) |
| 7:38 | Build | Farm |
| 7:40 | Build | Farm |
| 7:45 | Create | Villager (Male) |
| 7:51 | Build | Farm |
| 7:52 | Create | Villager (Male) |
| 7:57 | Build | Lumber Camp |
| 8:01 | Create | Villager (Male) |
| 8:18 | Research | Feudal Age |
| 8:51 | Build | Mining Camp |
| 10:02 | Build | Palisade Wall |
| 10:03 | Build | Palisade Wall |
| 10:06 | Create | Villager (Male) |
| 10:10 | Build | Palisade Wall |
| 10:12 | Build | Palisade Wall |
| 10:55 | Age | Feudal Age |
| 11:00 | Build | Market |
| 11:14 | Research | Loom |
| 11:30 | Build | Mining Camp |
| 11:37 | Build | House |
| 11:45 | Create | Villager (Male) |
| 11:59 | Create | Villager (Male) |
| 12:01 | Build | Farm |
| 12:12 | Create | Villager (Male) |
| 12:20 | Build | House |
| 12:22 | Build | Palisade Wall |
| 12:28 | Build | House |
| 12:29 | Build | House |
| 12:41 | Create | Villager (Male) |
| 13:02 | Build | Blacksmith |
| 13:07 | Build | House |
| 13:10 | Build | Palisade Wall |
| 13:20 | Create | Villager (Male) |
| 13:41 | Research | Castle Age |
| 13:41 | Research | Castle Age |
| 14:07 | Research | Double-Bit Axe |
| 14:08 | Research | Horse Collar |
| 14:12 | Build | Farm |
| 14:35 | Build | Stone Wall |
| 14:40 | Build | Stone Wall |
| 14:42 | Build | Stone Wall |
| 14:43 | Build | Stone Wall |
| 14:59 | Research | Gold Mining |
| 15:19 | Build | Watch Tower |
| 15:37 | Build | Farm |
| 16:17 | Create | Villager (Male) |
| 16:25 | Age | Castle Age |
| 16:27 | Build | Siege Workshop |
| 16:39 | Create | Villager (Male) |
| 16:43 | Build | Monastery |
| 16:47 | Create | Villager (Male) |
| 16:51 | Create | Mangonel |
| 17:05 | Create | Villager (Male) |
| 17:14 | Build | Barracks |
| 17:17 | Build | Farm |
| 17:31 | Create | Monk |
| 17:31 | Create | Monk |
| 17:43 | Create | Villager (Male) |
| 18:09 | Create | Spearman |
| 18:09 | Create | Spearman |
| 18:10 | Create | Villager (Male) |
| 18:13 | Build | Farm |
| 18:15 | Build | Farm |
| 18:34 | Create | Spearman |
| 18:35 | Create | Monk |
| 19:07 | Research | Sanctity |
| 19:12 | Build | Monastery |
| 19:31 | Create | Villager (Male) |
| 19:38 | Create | Villager (Male) |
| 19:45 | Create | Spearman |
| 20:04 | Create | Mangonel |
| 20:22 | Create | Villager (Male) |
| 20:27 | Build | House |
| 20:29 | Build | House |
| 20:30 | Build | House |
| 20:31 | Create | Monk |
| 20:31 | Create | Monk |
| 20:31 | Create | Monk |
| 20:42 | Create | Villager (Male) |
| 20:45 | Create | Villager (Male) |
| 20:51 | Build | House |
| 20:51 | Build | House |
| 21:01 | Research | Pikeman (upgrade) |
| 21:33 | Research | Fervor |
| 22:04 | Create | Villager (Male) |
| 22:11 | Create | Villager (Male) |
| 22:11 | Create | Villager (Male) |
| 22:15 | Create | Mangonel |
| 22:25 | Create | Villager (Male) |
| 22:27 | Build | Farm |
| 22:27 | Build | Farm |
| 22:46 | Build | Farm |
| 22:54 | Research | Bow Saw |
| 23:11 | Create | Villager (Male) |
| 23:16 | Build | Siege Workshop |
| 23:19 | Create | Villager (Male) |
| 23:29 | Create | Villager (Male) |
| 23:33 | Create | Villager (Male) |
| 23:36 | Build | Town Center |
| 23:57 | Create | Villager (Male) |
| 24:02 | Build | Stone Wall |
| 24:05 | Create | Villager (Male) |
| 24:10 | Create | Spearman |
| 24:31 | Create | Villager (Male) |
| 24:42 | Create | Villager (Male) |
| 24:49 | Build | Monastery |
| 24:56 | Create | Villager (Male) |
| 24:56 | Create | Villager (Male) |
| 24:56 | Create | Villager (Male) |
| 25:20 | Create | Mangonel |
| 25:20 | Create | Mangonel |
| 25:21 | Create | Villager (Male) |
| 25:26 | Build | Farm |
| 25:26 | Build | Farm |
| 25:27 | Build | Farm |
| 25:31 | Research | Wheelbarrow |
| 25:32 | Research | Wheelbarrow |
| 25:35 | Build | Farm |
| 25:49 | Create | Villager (Male) |
| 25:52 | Create | Battering Ram |
| 25:57 | Create | Battering Ram |
Build order — [DOV] The_GothFather
First 150 of 746 actions detected
| 0:00 | Create | Villager (Male) |
| 0:01 | Create | Villager (Male) |
| 0:02 | Build | House |
| 0:03 | Create | Villager (Male) |
| 0:04 | Build | House |
| 0:05 | Create | Villager (Male) |
| 0:05 | Create | Villager (Male) |
| 1:21 | Create | Villager (Male) |
| 1:58 | Create | Villager (Male) |
| 2:15 | Create | Villager (Male) |
| 2:33 | Create | Villager (Male) |
| 2:46 | Create | Villager (Male) |
| 3:01 | Build | Lumber Camp |
| 3:06 | Create | Villager (Male) |
| 3:29 | Build | House |
| 3:48 | Create | Villager (Male) |
| 4:13 | Create | Villager (Male) |
| 4:46 | Create | Villager (Male) |
| 4:56 | Create | Villager (Male) |
| 4:58 | Research | Loom |
| 5:18 | Build | Mill |
| 5:28 | Create | Villager (Male) |
| 6:08 | Research | Loom |
| 6:46 | Research | Feudal Age |
| 6:46 | Research | Feudal Age |
| 7:03 | Build | Mining Camp |
| 7:41 | Create | Villager (Male) |
| 8:05 | Build | House |
| 8:09 | Create | Villager (Male) |
| 8:12 | Build | House |
| 8:56 | Age | Feudal Age |
| 9:00 | Build | Watch Tower |
| 9:26 | Create | Villager (Male) |
| 9:47 | Create | Villager (Male) |
| 9:59 | Create | Villager (Male) |
| 10:17 | Build | Town Center |
| 10:17 | Create | Villager (Male) |
| 10:43 | Create | Villager (Male) |
| 11:07 | Build | Watch Tower |
| 11:12 | Create | Villager (Male) |
| 11:20 | Build | House |
| 11:24 | Research | Double-Bit Axe |
| 12:04 | Create | Villager (Male) |
| 12:28 | Build | Barracks |
| 12:30 | Create | Villager (Male) |
| 12:41 | Build | Watch Tower |
| 12:58 | Build | Farm |
| 13:05 | Build | Farm |
| 13:08 | Create | Villager (Male) |
| 13:13 | Create | Spearman |
| 13:23 | Build | Farm |
| 13:44 | Build | Farm |
| 13:49 | Build | Farm |
| 13:50 | Create | Villager (Male) |
| 13:53 | Create | Villager (Male) |
| 14:10 | Create | Villager (Male) |
| 14:20 | Build | Mill |
| 14:23 | Build | Farm |
| 14:31 | Create | Villager (Male) |
| 14:44 | Build | Farm |
| 14:47 | Build | House |
| 14:50 | Build | Farm |
| 14:59 | Build | Watch Tower |
| 15:10 | Create | Villager (Male) |
| 15:10 | Create | Villager (Male) |
| 15:14 | Build | Farm |
| 15:18 | Build | Farm |
| 15:26 | Create | Villager (Male) |
| 15:30 | Build | Farm |
| 15:35 | Build | Farm |
| 16:13 | Build | House |
| 16:16 | Create | Villager (Male) |
| 16:17 | Create | Villager (Male) |
| 16:18 | Create | Villager (Male) |
| 16:22 | Build | Farm |
| 16:23 | Build | Farm |
| 16:30 | Build | Mining Camp |
| 16:33 | Create | Villager (Male) |
| 16:44 | Research | Horse Collar |
| 16:56 | Create | Villager (Male) |
| 16:57 | Create | Villager (Male) |
| 17:04 | Build | Stable |
| 17:09 | Create | Villager (Male) |
| 17:11 | Build | House |
| 17:25 | Create | Villager (Male) |
| 17:27 | Build | Farm |
| 17:36 | Create | Villager (Male) |
| 17:37 | Build | Farm |
| 17:42 | Create | Scout Cavalry |
| 17:54 | Create | Villager (Male) |
| 17:58 | Build | Farm |
| 18:01 | Build | Farm |
| 18:04 | Create | Villager (Male) |
| 18:05 | Create | Villager (Male) |
| 18:19 | Create | Scout Cavalry |
| 18:38 | Create | Villager (Male) |
| 18:38 | Create | Villager (Male) |
| 18:53 | Create | Villager (Male) |
| 18:54 | Create | Villager (Male) |
| 18:55 | Build | Farm |
| 18:56 | Build | Farm |
| 19:00 | Create | Scout Cavalry |
| 19:05 | Build | Watch Tower |
| 19:07 | Build | House |
| 19:08 | Build | House |
| 19:14 | Build | Watch Tower |
| 19:21 | Create | Villager (Male) |
| 19:30 | Build | Farm |
| 19:31 | Build | Farm |
| 19:33 | Create | Villager (Male) |
| 19:36 | Research | Wheelbarrow |
| 19:55 | Build | Blacksmith |
| 20:02 | Create | Villager (Male) |
| 20:49 | Build | Farm |
| 20:51 | Build | Farm |
| 21:16 | Research | Castle Age |
| 21:18 | Create | Villager (Male) |
| 21:23 | Create | Scout Cavalry |
| 21:56 | Create | Scout Cavalry |
| 21:56 | Create | Villager (Male) |
| 21:57 | Create | Villager (Male) |
| 22:07 | Create | Scout Cavalry |
| 22:28 | Create | Villager (Male) |
| 22:34 | Research | Stone Mining |
| 22:38 | Research | Scale Barding Armor |
| 22:41 | Research | Fletching |
| 22:51 | Create | Scout Cavalry |
| 23:04 | Create | Scout Cavalry |
| 23:04 | Create | Villager (Male) |
| 23:09 | Build | House |
| 23:10 | Build | House |
| 23:44 | Build | Mining Camp |
| 23:56 | Age | Castle Age |
| 23:57 | Create | Villager (Male) |
| 23:57 | Create | Villager (Male) |
| 23:58 | Create | Villager (Male) |
| 24:02 | Build | Castle |
| 24:11 | Build | Monastery |
| 24:19 | Research | Light Cavalry (upgrade) |
| 24:19 | Create | Villager (Male) |
| 24:20 | Create | Villager (Male) |
| 24:31 | Research | Forging |
| 24:35 | Research | Bodkin Arrow |
| 24:42 | Create | Villager (Male) |
| 24:53 | Create | Villager (Male) |
| 24:53 | Create | Villager (Male) |
| 24:55 | Build | Stable |
| 25:02 | Build | Town Center |
| 25:03 | Create | Villager (Male) |
| 25:05 | Create | Monk |
Match timeline
| 8:56 | [DOV] The_GothFather · age_up feudal |
| 10:02 | SHell | FayLayt · wall_segment Palisade Wall x11 |
| 10:03 | SHell | FayLayt · wall_segment Palisade Wall x1 |
| 10:10 | SHell | FayLayt · wall_segment Palisade Wall x4 |
| 10:12 | SHell | FayLayt · wall_segment Palisade Wall x5 |
| 10:55 | SHell | FayLayt · age_up feudal |
| 12:22 | SHell | FayLayt · wall_segment Palisade Wall x1 |
| 12:28 | [DOV] The_GothFather · first_building Barracks |
| 13:10 | SHell | FayLayt · wall_segment Palisade Wall x1 |
| 14:35 | SHell | FayLayt · wall_segment Stone Wall x2 |
| 14:40 | SHell | FayLayt · wall_segment Stone Wall x1 |
| 14:42 | SHell | FayLayt · wall_segment Stone Wall x1 |
| 14:43 | SHell | FayLayt · wall_segment Stone Wall x1 |
| 16:25 | SHell | FayLayt · age_up castle |
| 16:27 | SHell | FayLayt · first_building Siege Workshop |
| 16:43 | SHell | FayLayt · first_building Monastery |
| 17:04 | [DOV] The_GothFather · first_building Stable |
| 17:13 | SHell | FayLayt · first_market_buy 100 wood |
| 17:14 | SHell | FayLayt · first_building Barracks |
| 20:55 | SHell | FayLayt · first_market_sell 100 wood |
| 23:56 | [DOV] The_GothFather · age_up castle |
| 24:02 | [DOV] The_GothFather · first_building Castle |
| 24:02 | SHell | FayLayt · wall_segment Stone Wall x1 |
| 24:11 | [DOV] The_GothFather · first_building Monastery |
| 28:52 | SHell | FayLayt · first_building Archery Range |
| 30:39 | SHell | FayLayt · first_building Castle |
| 35:16 | SHell | FayLayt · age_up imperial |
| 35:22 | [DOV] The_GothFather · age_up imperial |
| 58:51 | SHell | FayLayt · resign |
[ AI ANALYSIS · 1 CREDIT ]
What really happened in this match?
Wolo.gg analyzes every decision: build order, eco, micro, common mistakes by bracket. Personalized analysis on WhatsApp or Discord in 30 seconds.
Civ guide
Aztecs
Perfil
SHell | FayLayt